[Event "17th Memorial Lezcano Montalvo 2025"]
[Site "Gran Canaria"]
[Date "2025.04.20"]
[Round "9.1"]
[White "Korneev, Oleg"]
[Black "Larino Nieto, David"]
[Result "1/2-1/2"]
[Annotator "ChessBase"]
[ECO "C90"]
[WhiteElo "2466"]
[BlackElo "2448"]
[PlyCount "34"]
[EventDate "2025.04.13"]
[EventType "swiss"]
[EventCountry "ESP"]
[SourceTitle "playchess.com"]
[Source "ChessBase"]
[SourceQuality "1"]
[TimeControl "5400+30"]

1. e4 e5 2. Nf3 Nc6 3. Bb5 Nf6 4. d3 d6 5. c3 Be7 6. Nbd2 O-O 7. h3 a6 8. Ba4 b5 9. Bb3 Na5 10. Bc2 c5 11. O-O Re8 12. Re1 Bf8 13. Nf1 Bb7 14. Ng3 h6 15. a4 b4 16. cxb4 cxb4 17. d4 exd4 1/2-1/2

[Event "17th Memorial Lezcano Montalvo 2025"]
[Site "Gran Canaria"]
[Date "2025.04.20"]
[Round "9.2"]
[White "Kaczur, Florian"]
[Black "Petriashvili, Nikoloz"]
[Result "1/2-1/2"]
[Annotator "ChessBase"]
[ECO "D91"]
[WhiteElo "2495"]
[BlackElo "2459"]
[PlyCount "29"]
[EventDate "2025.04.13"]
[EventType "swiss"]
[EventCountry "ESP"]
[SourceTitle "playchess.com"]
[Source "ChessBase"]
[SourceQuality "1"]
[TimeControl "5400+30"]

1. d4 Nf6 2. c4 g6 3. Nc3 d5 4. Nf3 Bg7 5. Bg5 Ne4 6. cxd5 Nxg5 7. Nxg5 e6 8. Nf3 exd5 9. e3 c6 10. Be2 a5 11. O-O O-O 12. a3 Qe7 13. Re1 Be6 14. Rc1 Nd7 15. Na4 1/2-1/2

[Event "17th Memorial Lezcano Montalvo 2025"]
[Site "Gran Canaria"]
[Date "2025.04.20"]
[Round "9.3"]
[White "Maerevoet, Sim"]
[Black "Fiorito, Joaquin"]
[Result "0-1"]
[Annotator "ChessBase"]
[ECO "E44"]
[WhiteElo "2451"]
[BlackElo "2402"]
[PlyCount "96"]
[EventDate "2025.04.13"]
[EventType "swiss"]
[EventCountry "ESP"]
[SourceTitle "playchess.com"]
[Source "ChessBase"]
[SourceQuality "1"]
[TimeControl "5400+30"]

1. d4 Nf6 2. c4 e6 3. Nc3 Bb4 4. e3 b6 5. Nge2 Ne4 6. Qc2 Nxc3 7. Nxc3 Bxc3+ 8. Qxc3 Bb7 9. Be2 Qg5 10. Rg1 O-O 11. Bd2 d6 12. O-O-O Nd7 13. g4 Qe7 14. Rg3 c5 15. Kb1 e5 16. d5 e4 17. g5 b5 18. h4 Ne5 19. Rdg1 bxc4 20. Bxc4 a5 21. h5 Bc8 22. Qc2 Bf5 23. Bb5 Qb7 24. Bc6 Nxc6 25. dxc6 Qxc6 26. h6 Qb5 27. Bc3 d5 28. Bxg7 Rfe8 29. Rc1 d4 30. Qc4 Rab8 31. Qxb5 Rxb5 32. Ka1 d3 33. Rgg1 Be6 34. Bf6 c4 35. Rgd1 Rc8 36. Rd2 Kf8 37. Rh1 Ke8 38. Rg1 Kd7 39. Bc3 Rcc5 40. Bf6 Rf5 41. a3 Rf3 42. Rh1 Rbf5 43. Bc3 Rxf2 44. Rxf2 Rxf2 45. Kb1 Bg4 46. Rg1 Bf3 47. Kc1 Rc2+ 48. Kb1 Rxc3 0-1

[Event "17th Memorial Lezcano Montalvo 2025"]
[Site "Gran Canaria"]
[Date "2025.04.20"]
[Round "9.4"]
[White "Pap, Misa"]
[Black "Gomez Ledo, Roberto Carlos"]
[Result "1-0"]
[Annotator "RC"]
[ECO "C42"]
[WhiteElo "2444"]
[BlackElo "2396"]
[PlyCount "175"]
[EventDate "2025.04.13"]
[EventType "swiss"]
[EventCountry "ESP"]
[SourceTitle "playchess.com"]
[Source "ChessBase"]
[SourceQuality "1"]
[TimeControl "5400+30"]

1. e4 e5 2. Nf3 Nf6 3. Nxe5 d6 4. Nf3 Nxe4 5. Nc3 Nxc3 6. dxc3 Be7 7. Bf4 Nc6 8. Qd2 Be6 9. O-O-O Qd7 10. b3 h6 11. Bb5 a6 12. Bxc6 Qxc6 13. Nd4 Qd7 14. Rhe1 Bf6 15. Nxe6 fxe6 16. Qd5 O-O-O 17. Rxe6 Bxc3 18. Rd3 Bf6 19. Re4 Rhe8 20. Rc4 Qb5 21. Qxb5 axb5 22. Rb4 c6 23. Be3 Re6 24. a4 bxa4 25. bxa4 Re5 26. Kd2 Rd7 27. f4 Re8 28. a5 Bd8 29. Ra4 c5 30. a6 bxa6 31. Rxa6 Bc7 32. Bxc5 Re4 33. Ra8+ Kb7 34. Ra7+ Kc6 35. Be3 Rc4 36. g3 d5 37. Ra6+ Kb5 38. Ra2 d4 39. Bf2 Ba5+ 40. Ke2 Bc3 41. Kf3 Rb4 42. Ra8 Rc4 43. Rb8+ Kc6 44. Rd1 Ba5 45. Ra8 Bb6 46. Ra2 Kd5 47. Rb1 Rc3+ 48. Kg4 Bc5 49. Re1 Rc7 50. h4 g6 51. Re5+ Kc4 52. Ra4+ Kb5 53. Rxd4 Rxc2 54. Be3 Ka6 55. Ra4+ Kb7 56. Bxc5 R7xc5 57. Rae4 R2c3 58. Rxc5 Rxc5 59. Re6 h5+ 60. Kh3 Rc6 61. Re5 Kc7 62. Kg2 Kd7 63. Kf3 Rc3+ 64. Re3 Rc1 65. Kf2 Rc2+ 66. Kf1 Rb2 67. Re2 Rb3 68. Kf2 Ra3 69. Kg2 Rb3 70. f5 gxf5 71. Re5 Rb2+ 72. Kf3 Rb3+ 73. Kf4 Rb4+ 74. Kxf5 Rg4 75. Re3 Kd6 76. Kf6 Kd7 77. Re7+ Kd6 78. Rg7 Ra4 79. Rg5 Ra3 80. Kg6 Ke6 81. Kxh5 Kf7 82. Kh6 Kf8 83. g4 Ra7 84. h5 Rb7 85. Rg6 Ra7 86. g5 Rb7 87. Rc6 Rb8 88. Kh7 1-0

[Event "17th Memorial Lezcano Montalvo 2025"]
[Site "Gran Canaria"]
[Date "2025.04.20"]
[Round "9.5"]
[White "Narciso Dublan, Marc"]
[Black "Martinez Ramirez, Lennis"]
[Result "1-0"]
[Annotator "ChessBase"]
[ECO "B26"]
[WhiteElo "2376"]
[BlackElo "2443"]
[PlyCount "105"]
[EventDate "2025.04.13"]
[EventType "swiss"]
[EventCountry "ESP"]
[SourceTitle "playchess.com"]
[Source "ChessBase"]
[SourceQuality "1"]
[TimeControl "5400+30"]

1. e4 c5 2. Nc3 Nc6 3. g3 g6 4. Bg2 Bg7 5. d3 d6 6. Be3 Nf6 7. Nge2 b5 8. a3 Rb8 9. O-O a5 10. Qc1 b4 11. axb4 axb4 12. Nd5 Ng4 13. Bg5 h6 14. Bd2 b3 15. c3 Nge5 16. d4 Nd7 17. Rd1 e6 18. Ne3 h5 19. Nc4 Nb6 20. Bg5 Qc7 21. Nxb6 Rxb6 22. e5 d5 23. dxc5 Rb8 24. c4 O-O 25. cxd5 exd5 26. Nc3 Bg4 27. Re1 Nb4 28. Nxd5 Nxd5 29. Bxd5 Rb5 30. Be3 Qxe5 31. Qc4 Rb4 32. Bxf7+ Rxf7 33. Qxb4 Qd5 34. Ra4 Bf3 35. Qc4 Qc6 36. Ra6 Qd7 37. Qe6 Qxe6 38. Rxe6 Bxb2 39. Rxg6+ Kh7 40. Rh6+ Kg7 41. Rb6 Bc3 42. Bh6+ Kh7 43. Re3 Bd4 44. Rexb3 Bxc5 45. R6b5 Bd1 46. Be3 Be7 47. Rb1 Bf3 48. Ra5 h4 49. Ra7 Kg6 50. Rb6+ Kg7 51. Bd4+ Kg8 52. Rh6 Bd8 53. Rh8# 1-0

[Event "17th Memorial Lezcano Montalvo 2025"]
[Site "Gran Canaria"]
[Date "2025.04.20"]
[Round "9.7"]
[White "Yelisieiev, Yevhenii"]
[Black "Strikovic, Aleksa"]
[Result "1-0"]
[Annotator "ChessBase"]
[ECO "A49"]
[WhiteElo "2413"]
[BlackElo "2367"]
[PlyCount "81"]
[EventDate "2025.04.13"]
[EventType "swiss"]
[EventCountry "ESP"]
[SourceTitle "playchess.com"]
[Source "ChessBase"]
[SourceQuality "1"]
[TimeControl "5400+30"]

1. d4 Nf6 2. c4 g6 3. Nf3 Bg7 4. g3 O-O 5. Bg2 c6 6. O-O d5 7. b3 dxc4 8. bxc4 c5 9. Bb2 cxd4 10. Nxd4 Ng4 11. Bc3 Nd7 12. Qc1 Nb6 13. Nb3 Ne5 14. Rd1 Qc7 15. c5 Nbc4 16. f4 Bh6 17. N1d2 a5 18. a4 Be6 19. fxe5 Rfd8 20. Rb1 Ne3 21. Re1 Bxb3 22. Nxb3 Nxg2 23. Qxh6 Nxe1 24. Rxe1 b6 25. Rf1 Qc6 26. Qf4 Qd5 27. Nd4 bxc5 28. Nf3 Rf8 29. h4 Rab8 30. Qh6 f6 31. h5 Qe4 32. hxg6 Qxg6 33. Qf4 h5 34. exf6 exf6 35. Bxa5 Rb3 36. Qc4+ Kh8 37. Bc7 Rb7 38. Bf4 Re8 39. Qxc5 Kh7 40. Nh4 Qg4 41. Qc6 1-0

[Event "17th Memorial Lezcano Montalvo 2025"]
[Site "Gran Canaria"]
[Date "2025.04.20"]
[Round "9.8"]
[White "Castellanos Gomez, Alejandro"]
[Black "Fiorito, Francisco"]
[Result "0-1"]
[Annotator "ChessBase"]
[ECO "C79"]
[WhiteElo "2267"]
[BlackElo "2431"]
[PlyCount "72"]
[EventDate "2025.04.13"]
[EventType "swiss"]
[EventCountry "ESP"]
[SourceTitle "playchess.com"]
[Source "ChessBase"]
[SourceQuality "1"]
[TimeControl "5400+30"]

1. e4 e5 2. Nf3 Nc6 3. Bb5 a6 4. Ba4 Nf6 5. O-O d6 6. Bxc6+ bxc6 7. Nc3 Bg4 8. h3 Bh5 9. Re1 Qd7 10. d4 exd4 11. Qxd4 Bxf3 12. gxf3 Be7 13. Kh2 O-O 14. f4 Nh5 15. Rg1 f5 16. e5 Qe6 17. Be3 Rae8 18. Qd1 Qh6 19. Qf3 dxe5 20. fxe5 f4 21. Bd2 Rf5 22. Rae1 Bf8 23. Ne4 Rexe5 24. Bc3 Rd5 25. Rg4 c5 26. b3 Qc6 27. Rg5 Rxg5 28. Nxg5 Qd7 29. Ne6 c6 30. Nxf8 Kxf8 31. Be5 Qf5 32. Qe2 Kg8 33. c4 f3 34. Qe3 Rd3 35. Qxc5 Nf4 36. Kg3 Qg5+ 0-1

[Event "17th Memorial Lezcano Montalvo 2025"]
[Site "Gran Canaria"]
[Date "2025.04.20"]
[Round "9.9"]
[White "Calzetta Ruiz, Monica"]
[Black "Ambartsumova, Karina"]
[Result "0-1"]
[Annotator "ChessBase"]
[ECO "E63"]
[WhiteElo "2224"]
[BlackElo "2405"]
[PlyCount "80"]
[EventDate "2025.04.13"]
[EventType "swiss"]
[EventCountry "ESP"]
[SourceTitle "playchess.com"]
[Source "ChessBase"]
[SourceQuality "1"]
[TimeControl "5400+30"]

1. d4 Nf6 2. Nf3 g6 3. c4 Bg7 4. g3 O-O 5. Bg2 d6 6. O-O Nc6 7. Nc3 a6 8. e4 Bg4 9. Be3 Nd7 10. Ne2 Na5 11. b3 c5 12. h3 Bxf3 13. Bxf3 cxd4 14. Bxd4 Bxd4 15. Nxd4 Nc6 16. Bg2 Rc8 17. Kh2 Nxd4 18. Qxd4 b5 19. Rfc1 bxc4 20. Rxc4 Rxc4 21. Qxc4 Qb6 22. f4 e5 23. Rd1 Nf6 24. Qd3 exf4 25. gxf4 Nh5 26. Qxd6 Qf2 27. f5 Re8 28. Rd2 Qh4 29. fxg6 hxg6 30. Bf3 Nf4 31. Qd7 Re7 32. Qg4 Qf6 33. Kg3 Nh5+ 34. Kg2 Rc7 35. h4 Rc3 36. Rf2 Nf4+ 37. Kg3 Nd3 38. Rf1 Qd6+ 39. Kg2 Rc2+ 40. Be2 Ne5 0-1

[Event "17th Memorial Lezcano Montalvo 2025"]
[Site "Gran Canaria"]
[Date "2025.04.20"]
[Round "9.10"]
[White "Moreno Diepa, Diego"]
[Black "Barski, Radoslaw"]
[Result "1-0"]
[Annotator "ChessBase"]
[ECO "C54"]
[WhiteElo "2243"]
[BlackElo "2385"]
[PlyCount "71"]
[EventDate "2025.04.13"]
[EventType "swiss"]
[EventCountry "ESP"]
[SourceTitle "playchess.com"]
[Source "ChessBase"]
[SourceQuality "1"]
[TimeControl "5400+30"]

1. e4 e5 2. Nf3 Nc6 3. Bc4 Bc5 4. c3 Nf6 5. d3 d6 6. a4 a6 7. Nbd2 Ba7 8. O-O O-O 9. h3 Ne7 10. Re1 Ng6 11. Nf1 c6 12. Ng3 d5 13. Bb3 Bb8 14. Bg5 h6 15. Bxf6 Qxf6 16. exd5 Nf4 17. d4 exd4 18. cxd4 cxd5 19. Ne5 Ba7 20. a5 Be6 21. Qd2 h5 22. Ne2 Nxe2+ 23. Rxe2 Rac8 24. Rd1 Rc7 25. Re3 Qh6 26. Ba2 Rfc8 27. Bb1 Bb8 28. Qe1 Re7 29. Qb4 Rec7 30. Qe1 Re7 31. Qe2 Ree8 32. Re1 Bxe5 33. Rxe5 Rc1 34. Bf5 Rxe1+ 35. Qxe1 Rc8 36. Rxe6 1-0

[Event "17th Memorial Lezcano Montalvo 2025"]
[Site "Gran Canaria"]
[Date "2025.04.20"]
[Round "9.11"]
[White "Garcia Padron, Jose"]
[Black "Fiorito, Fabian"]
[Result "1/2-1/2"]
[Annotator "ChessBase"]
[ECO "A50"]
[WhiteElo "2355"]
[BlackElo "2268"]
[PlyCount "117"]
[EventDate "2025.04.13"]
[EventType "swiss"]
[EventCountry "ESP"]
[SourceTitle "playchess.com"]
[Source "ChessBase"]
[SourceQuality "1"]
[TimeControl "5400+30"]

1. Nf3 Nf6 2. c4 b6 3. g3 Bb7 4. Bg2 g6 5. O-O Bg7 6. d4 O-O 7. Nc3 Ne4 8. Nxe4 Bxe4 9. Be3 d6 10. Qd2 Nd7 11. Bh6 Nf6 12. Bxg7 Kxg7 13. d5 c5 14. Nh4 Bxg2 15. Nxg2 Qd7 16. f3 b5 17. g4 bxc4 18. g5 Nh5 19. Rac1 f6 20. gxf6+ Rxf6 21. Rxc4 Raf8 22. b4 cxb4 23. Rxb4 Kg8 24. Rfb1 R6f7 25. a4 Qf5 26. Ne3 Qh3 27. Rb8 Nf4 28. Rxf8+ Rxf8 29. Kh1 Qh4 30. Ng2 Nxg2 31. Kxg2 Qxa4 32. Rb7 Qh4 33. Qe3 Rf7 34. Rxa7 Kg7 35. Rc7 Qf6 36. Qe4 Qg5+ 37. Kf2 Qf6 38. h4 h5 39. Rc1 Qf4 40. Rc4 Qf6 41. Qe3 Qf5 42. Rd4 Kg8 43. Kg2 Rg7 44. Kf2 Kh7 45. Qg5 Qf8 46. Re4 Rf7 47. Re6 Rf6 48. Re4 Qf7 49. Qe3 Qxd5 50. Rxe7+ Rf7 51. Re8 Rg7 52. Rc8 g5 53. Qe8 gxh4 54. Qh8+ Kg6 55. Qe8+ Kh7 56. Qh8+ Kg6 57. Rc1 Qd4+ 58. Kg2 Kf7+ 59. Kh1 1/2-1/2

[Event "17th Memorial Lezcano Montalvo 2025"]
[Site "Gran Canaria"]
[Date "2025.04.20"]
[Round "9.12"]
[White "Rodriguez Lopez, David"]
[Black "Sanz Wawer, Daniel"]
[Result "0-1"]
[Annotator "ChessBase"]
[ECO "B22"]
[WhiteElo "2182"]
[BlackElo "2316"]
[PlyCount "74"]
[EventDate "2025.04.13"]
[EventType "swiss"]
[EventCountry "ESP"]
[SourceTitle "playchess.com"]
[Source "ChessBase"]
[SourceQuality "1"]
[TimeControl "5400+30"]

1. e4 c5 2. Nf3 e6 3. c3 Nf6 4. e5 Nd5 5. d4 cxd4 6. cxd4 d6 7. Bc4 Nc6 8. O-O Nb6 9. Bb3 Be7 10. Qe2 O-O 11. Nc3 Bd7 12. Bf4 d5 13. Rac1 a6 14. Bc2 Nc4 15. Bd3 b5 16. Bb1 Rc8 17. h4 Bxh4 18. g3 Be7 19. Kg2 g6 20. Rh1 f5 21. exf6 Bxf6 22. Rh2 Nxd4 23. Nxd4 Bxd4 24. Rch1 Rf7 25. Rxh7 Rxh7 26. Rxh7 Kxh7 27. Qh5+ Kg8 28. Qxg6+ Bg7 29. Bg5 Qc7 30. Bh6 Qe5 31. Qh7+ Kf8 32. Bg6 Qf6 33. Bf4 Be8 34. Bd3 Ne5 35. Be2 Bg6 36. Qh3 b4 37. Nxd5 Be4+ 0-1

[Event "17th Memorial Lezcano Montalvo 2025"]
[Site "Gran Canaria"]
[Date "2025.04.20"]
[Round "9.13"]
[White "Garcia Brion, Eduardo"]
[Black "Dubkov, Andrej"]
[Result "1/2-1/2"]
[Annotator "ChessBase"]
[ECO "A00"]
[WhiteElo "2171"]
[BlackElo "2307"]
[PlyCount "42"]
[EventDate "2025.04.13"]
[EventType "swiss"]
[EventCountry "ESP"]
[SourceTitle "playchess.com"]
[Source "ChessBase"]
[SourceQuality "1"]
[TimeControl "5400+30"]

1. g3 e5 2. Nf3 e4 3. Nh4 d5 4. d3 exd3 5. Qxd3 Na6 6. Bg2 c6 7. O-O Nc5 8. Qe3+ Qe7 9. b4 Ne4 10. c4 Qe5 11. cxd5 cxd5 12. Qb3 Ngf6 13. Bb2 Qe6 14. Nf3 Be7 15. Nc3 O-O 16. Rad1 Rd8 17. Nd4 Qb6 18. Nxd5 Nxd5 19. Bxe4 Nf6 20. Nf5 Bxf5 21. Bxf5 Qxb4 1/2-1/2

[Event "17th Memorial Lezcano Montalvo 2025"]
[Site "Gran Canaria"]
[Date "2025.04.20"]
[Round "9.14"]
[White "Meneses Gonzalez, Kevin Moises"]
[Black "Marrero Cardenes, Agustin"]
[Result "1-0"]
[Annotator "ChessBase"]
[ECO "B12"]
[WhiteElo "2307"]
[BlackElo "2163"]
[PlyCount "73"]
[EventDate "2025.04.13"]
[EventType "swiss"]
[EventCountry "ESP"]
[SourceTitle "playchess.com"]
[Source "ChessBase"]
[SourceQuality "1"]
[TimeControl "5400+30"]

1. e4 c6 2. d4 d5 3. e5 c5 4. Nf3 Nc6 5. dxc5 Bg4 6. c3 e6 7. b4 Bxf3 8. Qxf3 Nxe5 9. Bb5+ Nc6 10. O-O Nf6 11. Bf4 Be7 12. Nd2 O-O 13. Rfe1 Qc8 14. Bd3 Nb8 15. c4 Nbd7 16. Qh3 Re8 17. cxd5 exd5 18. Nf3 a6 19. Bg5 Nf8 20. Qxc8 Raxc8 21. Nd4 g6 22. Rxe7 Rxe7 23. Bxf6 Ree8 24. Nb3 Nd7 25. Bd4 Ne5 26. Bxe5 Rxe5 27. a4 Ra8 28. Rd1 Re6 29. f3 f5 30. Kf2 f4 31. Bf1 Re3 32. Na5 Ra3 33. Rxd5 Ra2+ 34. Kg1 Ra1 35. Nxb7 Re8 36. Rd8 Rxd8 37. Nxd8 1-0

[Event "17th Memorial Lezcano Montalvo 2025"]
[Site "Gran Canaria"]
[Date "2025.04.20"]
[Round "9.15"]
[White "Alsina Leal, Daniel"]
[Black "Roquero Redondo, Miguel"]
[Result "1-0"]
[Annotator "ChessBase"]
[ECO "B50"]
[WhiteElo "2496"]
[BlackElo "2037"]
[PlyCount "99"]
[EventDate "2025.04.13"]
[EventType "swiss"]
[EventCountry "ESP"]
[SourceTitle "playchess.com"]
[Source "ChessBase"]
[SourceQuality "1"]
[TimeControl "5400+30"]

1. e4 c5 2. Nf3 d6 3. c3 Nf6 4. Be2 g6 5. O-O Bg7 6. Bb5+ Nbd7 7. Re1 O-O 8. d4 cxd4 9. cxd4 a6 10. Bd3 e5 11. d5 a5 12. Nc3 Nc5 13. Bb5 Bd7 14. Bg5 a4 15. Bxd7 Qxd7 16. Qe2 Rfc8 17. Nd2 Rab8 18. a3 b5 19. Na2 Na6 20. Rac1 Qb7 21. g3 Nd7 22. Nb4 Nxb4 23. axb4 Bf6 24. Be3 Bd8 25. h4 h5 26. Qd3 Nf6 27. Bg5 Qb6 28. Be3 Qb7 29. Bg5 Qb6 30. Bxf6 Bxf6 31. Rc3 Qd4 32. Qc2 Rd8 33. Rc7 Qxb4 34. Re3 Rf8 35. Rec3 Bd8 36. Rd7 Bb6 37. Nf3 Rbd8 38. Rb7 Bc5 39. Nxe5 Bxf2+ 40. Qxf2 dxe5 41. Rcc7 Qd4 42. Qxd4 exd4 43. Kf2 Ra8 44. d6 Rad8 45. e5 Rfe8 46. Rxb5 d3 47. Rd5 d2 48. Ke2 f6 49. d7 Rf8 50. e6 1-0

[Event "17th Memorial Lezcano Montalvo 2025"]
[Site "Gran Canaria"]
[Date "2025.04.20"]
[Round "9.16"]
[White "Marrero Rodriguez, Jorge"]
[Black "Bolivar Castro, Alejandro"]
[Result "1-0"]
[Annotator "ChessBase"]
[ECO "C41"]
[WhiteElo "2251"]
[BlackElo "2006"]
[PlyCount "50"]
[EventDate "2025.04.13"]
[EventType "swiss"]
[EventCountry "ESP"]
[SourceTitle "playchess.com"]
[Source "ChessBase"]
[SourceQuality "1"]
[TimeControl "5400+30"]

1. e4 d6 2. d4 Nf6 3. Nc3 e5 4. Nf3 Nbd7 5. Rg1 g6 6. Be3 Bg7 7. dxe5 dxe5 8. g4 O-O 9. Qd2 c6 10. O-O-O Qa5 11. Kb1 Re8 12. Bh6 b5 13. Bxg7 Kxg7 14. Qe3 b4 15. Ne2 Nc5 16. Ng3 Na4 17. Nf5+ Bxf5 18. gxf5 Rab8 19. Bc4 Nc3+ 20. bxc3 bxc3+ 21. Bb3 c5 22. fxg6 hxg6 23. Nh4 Qa3 24. Qxc3 Nh5 25. Rd7 Rf8 1-0

[Event "17th Memorial Lezcano Montalvo 2025"]
[Site "Gran Canaria"]
[Date "2025.04.20"]
[Round "9.17"]
[White "Cruz Pino, Adrian"]
[Black "Brito Garcia, Alfredo"]
[Result "1-0"]
[Annotator "ChessBase"]
[ECO "A25"]
[WhiteElo "2099"]
[BlackElo "2214"]
[PlyCount "85"]
[EventDate "2025.04.13"]
[EventType "swiss"]
[EventCountry "ESP"]
[SourceTitle "playchess.com"]
[Source "ChessBase"]
[SourceQuality "1"]
[TimeControl "5400+30"]

1. c4 Nf6 2. Nc3 g6 3. g3 Bg7 4. Bg2 O-O 5. e3 e5 6. Nge2 Nc6 7. O-O d6 8. b3 e4 9. d3 exd3 10. Qxd3 Re8 11. Bb2 Bf5 12. Qd2 h5 13. f3 d5 14. cxd5 Nxd5 15. Nxd5 Bxb2 16. Qxb2 Qxd5 17. e4 Qc5+ 18. Kh1 Be6 19. Rac1 Qb4 20. Nf4 Rad8 21. Rfd1 Rxd1+ 22. Rxd1 Rd8 23. Rxd8+ Nxd8 24. h4 Qe7 25. Qc3 Nc6 26. Bf1 Qb4 27. Qc1 Qd6 28. Kg2 Nd4 29. Qd2 Qc5 30. Bd3 c6 31. b4 Qe5 32. Bf1 b5 33. Nd3 Qf6 34. Nf4 Qe5 35. Nd3 Qf6 36. f4 Bg4 37. Ne5 Qd8 38. Nxg4 hxg4 39. Be2 f5 40. exf5 gxf5 41. Qd3 Kg7 42. Kf2 Qd5 43. Ke3 1-0

[Event "17th Memorial Lezcano Montalvo 2025"]
[Site "Gran Canaria"]
[Date "2025.04.20"]
[Round "9.18"]
[White "Alonso Perez, Alfredo"]
[Black "Rodriguez Avila, Alvaro"]
[Result "0-1"]
[Annotator "ChessBase"]
[ECO "A45"]
[WhiteElo "1853"]
[BlackElo "2212"]
[PlyCount "80"]
[EventDate "2025.04.13"]
[EventType "swiss"]
[EventCountry "ESP"]
[SourceTitle "playchess.com"]
[Source "ChessBase"]
[SourceQuality "1"]
[TimeControl "5400+30"]

1. d4 Nf6 2. Bf4 c5 3. c3 Qb6 4. Qc1 cxd4 5. cxd4 Nc6 6. e3 d6 7. Nf3 g6 8. Be2 Bg7 9. h3 O-O 10. O-O Bf5 11. Nc3 Rac8 12. g4 Bd7 13. Qd2 Nb4 14. Rfc1 h5 15. Nh2 hxg4 16. hxg4 Bc6 17. f3 Nfd5 18. Bg5 e5 19. a3 exd4 20. axb4 dxc3 21. bxc3 Rfe8 22. Nf1 Re5 23. Bh4 Rce8 24. Bf2 Nxe3 25. b5 Bd7 26. Ng3 d5 27. Qa2 Qf6 28. Re1 Qf4 29. Qa4 Qxa4 30. Rxa4 a6 31. Ra2 axb5 32. Rb1 R5e7 33. Bxb5 Bxb5 34. Rxb5 Bxc3 35. Bxe3 Rxe3 36. Rxd5 Rxf3 37. Kg2 Rfe3 38. Rb5 R8e7 39. Rc2 Kg7 40. Kf2 Be1+ 0-1

[Event "17th Memorial Lezcano Montalvo 2025"]
[Site "Gran Canaria"]
[Date "2025.04.20"]
[Round "9.19"]
[White "Castro Miguelez, Jose"]
[Black "Tytynnik, Artem"]
[Result "0-1"]
[Annotator "ChessBase"]
[ECO "B52"]
[WhiteElo "1846"]
[BlackElo "2209"]
[PlyCount "100"]
[EventDate "2025.04.13"]
[EventType "swiss"]
[EventCountry "ESP"]
[SourceTitle "playchess.com"]
[Source "ChessBase"]
[SourceQuality "1"]
[TimeControl "5400+30"]

1. e4 c5 2. Nf3 d6 3. Bb5+ Bd7 4. Bxd7+ Qxd7 5. c4 Nc6 6. Nc3 g6 7. d4 cxd4 8. Nxd4 Bg7 9. Be3 Nf6 10. f3 O-O 11. O-O Rac8 12. b3 a6 13. Nxc6 bxc6 14. Rc1 Qb7 15. c5 d5 16. exd5 cxd5 17. Bd4 e6 18. f4 Qb4 19. a3 Qxa3 20. Ra1 Qb4 21. Rxa6 Ng4 22. Ra4 Bxd4+ 23. Qxd4 Qxd4+ 24. Rxd4 Rxc5 25. Na4 Rc2 26. h3 Ne3 27. Rf2 Rc1+ 28. Kh2 Rb8 29. Rd3 Nf1+ 30. Kg1 Rxb3 31. Nc5 Ng3+ 32. Kh2 Rxd3 33. Nxd3 Rc3 34. Rf3 Ne4 35. Ne5 Rxf3 36. Nxf3 Kf8 37. Kg1 Ke7 38. Kf1 Kd6 39. Ke2 f6 40. Ke3 Ng3 41. Kd4 e5+ 42. fxe5+ fxe5+ 43. Ke3 d4+ 44. Kf2 Ne4+ 45. Ke2 Kd5 46. g4 h6 47. h4 g5 48. hxg5 Nxg5 49. Nh4 Ke4 50. Nf5 Nf7 0-1

[Event "17th Memorial Lezcano Montalvo 2025"]
[Site "Gran Canaria"]
[Date "2025.04.20"]
[Round "9.20"]
[White "De La Cruz Perez, Carlos"]
[Black "Paquico Rodriguez, Ivan"]
[Result "1/2-1/2"]
[Annotator "ChessBase"]
[ECO "A41"]
[WhiteElo "1835"]
[BlackElo "2202"]
[PlyCount "96"]
[EventDate "2025.04.13"]
[EventType "swiss"]
[EventCountry "ESP"]
[SourceTitle "playchess.com"]
[Source "ChessBase"]
[SourceQuality "1"]
[TimeControl "5400+30"]

1. Nf3 d6 2. d4 g6 3. c4 Bg7 4. Nc3 Nd7 5. g3 e5 6. Bg2 Ne7 7. dxe5 dxe5 8. O-O O-O 9. Qc2 Nf5 10. Rd1 c6 11. e3 Qe7 12. b3 h5 13. Bb2 Re8 14. Ne4 Nf6 15. Nfg5 Nxe4 16. Nxe4 Be6 17. Rd2 h4 18. Rad1 Nh6 19. Qc1 hxg3 20. hxg3 Qc7 21. Ba3 Bg4 22. f3 Be6 23. Kf2 Bf5 24. Nd6 Red8 25. Nxf5 Nxf5 26. g4 Nh4 27. Bd6 Qb6 28. c5 Qb4 29. Bf1 e4 30. Rd4 Qa5 31. Ra4 Qc3 32. Qxc3 Bxc3 33. Rxe4 g5 34. Rd3 Bf6 35. Be7 Rxd3 36. Bxd3 Kg7 37. Bxf6+ Kxf6 38. Rd4 Ke7 39. Kg3 b6 40. cxb6 axb6 41. a4 Ra5 42. Rb4 Rd5 43. Be4 Rd2 44. Rxb6 Ng2 45. Rxc6 Nxe3 46. f4 Nf1+ 47. Kf3 Nh2+ 48. Ke3 Nf1+ 1/2-1/2

[Event "17th Memorial Lezcano Montalvo 2025"]
[Site "Gran Canaria"]
[Date "2025.04.20"]
[Round "9.21"]
[White "Krilovs, Nikolajs"]
[Black "Basualdo De Ornelas, Jorge"]
[Result "1-0"]
[Annotator "NA"]
[ECO "E06"]
[WhiteElo "2112"]
[BlackElo "1794"]
[PlyCount "81"]
[EventDate "2025.04.13"]
[EventType "swiss"]
[EventCountry "ESP"]
[SourceTitle "playchess.com"]
[Source "ChessBase"]
[SourceQuality "1"]
[TimeControl "5400+30"]

1. d4 d5 2. c4 e6 3. Nf3 Nf6 4. g3 Be7 5. Bg2 O-O 6. Qc2 c6 7. O-O b6 8. cxd5 exd5 9. Nc3 a5 10. Re1 Na6 11. Bf4 Nb4 12. Qd1 Bf5 13. Rc1 Nh5 14. Be3 Nf6 15. a3 Na6 16. Ne5 Rc8 17. h3 h6 18. g4 Bh7 19. Qb3 Nb8 20. f4 Nbd7 21. Rf1 Nxe5 22. dxe5 d4 23. Rfd1 Nd5 24. Nxd5 cxd5 25. Bxd4 b5 26. f5 h5 27. Qxb5 hxg4 28. hxg4 Bg5 29. e3 Rb8 30. Qxd5 Qe8 31. Qc6 Bxe3+ 32. Bxe3 Qxe5 33. Bd4 Qf4 34. Qe4 Qh6 35. Rc6 Qh4 36. Bc3 Rfe8 37. Qd4 f6 38. Bd5+ Kh8 39. Rxf6 Re2 40. Rf8+ Rxf8 41. Qxg7# 1-0

[Event "17th Memorial Lezcano Montalvo 2025"]
[Site "Gran Canaria"]
[Date "2025.04.20"]
[Round "9.22"]
[White "Blanco Barros, Juan Carlos"]
[Black "Barlov, Dragan"]
[Result "0-1"]
[Annotator "ChessBase"]
[ECO "A08"]
[WhiteElo "1941"]
[BlackElo "2351"]
[PlyCount "54"]
[EventDate "2025.04.13"]
[EventType "swiss"]
[EventCountry "ESP"]
[SourceTitle "playchess.com"]
[Source "ChessBase"]
[SourceQuality "1"]
[TimeControl "5400+30"]

1. e4 c5 2. Nf3 e6 3. d3 Nc6 4. g3 d5 5. Nbd2 Bd6 6. Bg2 Nge7 7. O-O O-O 8. Re1 Bc7 9. c3 b6 10. Qc2 a5 11. a4 Ba6 12. Bf1 Qd7 13. h4 Rad8 14. Nh2 f5 15. exd5 Nxd5 16. Nc4 e5 17. Nf3 f4 18. Ncxe5 Nxe5 19. Nxe5 Bxe5 20. Rxe5 fxg3 21. fxg3 Rxf1+ 22. Kxf1 Nb4 23. Qg2 Nxd3 24. Re2 Bb7 25. Qh2 Qf5+ 26. Kg1 Ne5 27. Rxe5 Rd1+ 0-1